 Dungeon Crawl Stone Soup version 0.13.0-19-g8e0b589 (webtiles) character file.

1872 Malachi the Ducker (level 8, -3/61 HPs)
             Began as a Vampire Berserker on Oct 24, 2013.
             Was an Elder of Trog.
             Slain by a goliath beetle (23 damage)
             ... on Level 6 of the Dungeon.
             The game lasted 00:10:09 (5475 turns).

Malachi the Ducker (Vampire Berserker)              Turns: 5475, Time: 00:10:09

HP  -3/61        AC 10     Str 21      XL: 8   Next: 59%
MP   8/8         EV 16     Int 12      God: Trog [****..]
Gold 306         SH  0     Dex 13      Spells:  0 memorised,  7 levels left

Res.Fire  : . . .   See Invis. : +   a - +0 hand axe {=f}
Res.Cold  : . . .   Warding    : .   x - +3 steam dragon armour "Vaniexkia" {Str+3 Int+3}
Life Prot.: + . .   Conserve   : .   (no shield)
Res.Poison: .       Res.Corr.  : +   (no helmet)
Res.Elec. : .       Clarity    : .   (no cloak)
Sust.Abil.: . .     Spirit.Shd : .   v - +0 pair of gauntlets
Res.Mut.  : .       Stasis     : .   o - +0 pair of boots
Res.Rott. : .       Flight     : .   y - amulet of resist corrosion
Saprovore : . . .                    (no ring)
                                     (no ring)

@: somewhat resistant to hostile enchantments, unstealthy
A: bottle blood, fangs 3, see invisible, unbreathing
a: Bat Form, Bottle Blood, Burn Spellbooks, Berserk, Trog's Hand, Brothers in
Arms, Renounce Religion


You were on level 6 of the Dungeon.
You worshipped Trog.
Trog was greatly pleased with you.
You were not thirsty.

You visited 1 branch of the dungeon, and saw 6 of its levels.

You collected 286 gold pieces.

Inventory:

Hand weapons
 a - a +0,+0 hand axe (weapon) {=f}
 C - a +0,+1 scythe of protection
Armour
 b - a +0 animal skin
 o - a +0 pair of boots (worn)
 u - a +0 orcish leather armour of cold resistance
 v - a +0 pair of gauntlets (worn)
 x - the +3 steam dragon armour "Vaniexkia" (worn) {Str+3 Int+3}
   (You found it on level 5 of the Dungeon)

   It affects your strength (+3).
   It affects your intelligence (+3).
Magical devices
 w - a wand of random effects (12) {unknown}
 A - a wand of flame (19)
Scrolls
 d - 4 scrolls of identify
 f - a scroll of enchant weapon I {unknown}
 g - 2 scrolls of curse armour {unknown}
 h - 6 scrolls of remove curse {unknown}
 n - a scroll of curse weapon {unknown}
 q - 2 scrolls of enchant armour {unknown}
 r - a scroll of teleportation {unknown}
 z - a scroll of fog {unknown}
 B - a scroll of amnesia {unknown}
Jewellery
 i - an uncursed amulet of stasis
 y - an amulet of resist corrosion (around neck)
Potions
 c - 2 potions of restore abilities
 e - 2 potions of curing
 j - a potion of paralysis {unknown}
 k - a potion of confusion {unknown}
 l - 2 potions of degeneration {unknown}
 m - a potion of poison {unknown}
 p - a potion of cure mutation {unknown}
 s - 2 potions of berserk rage {unknown}
 t - a potion of heal wounds {unknown}


   Skills:
 + Level 4.7 Fighting
 * Level 7.0 Axes
 + Level 2.6 Armour
 + Level 7.2 Dodging
 - Level 1.2 Stealth
 + Level 0.4 Evocations


You had 7 spell levels left.
You didn't know any spells.

Dungeon Overview and Level Annotations

Branches:
Dungeon (6/27)
 Temple: D:4-7          Orc: D:6-11

Altars:
Okawaru


Innate Abilities, Weirdness & Mutations

You can bottle blood from corpses.
You have razor-sharp teeth.*
You have supernaturally acute eyesight.
You can survive without breathing.*


Message History

You enter the shallow water.
Moving in this stuff is going to be slow.
The giant cockroach barely misses you.
Your unstable footing causes you to fumble your attack.
The giant cockroach misses you.
The giant cockroach bites you but does no damage.
You barely miss the giant cockroach. The giant cockroach barely misses you.
Your unstable footing causes you to fumble your attack.
The giant cockroach barely misses you.
Your unstable footing causes you to fumble your attack.
The giant cockroach completely misses you.
Your unstable footing causes you to fumble your attack.
The giant cockroach completely misses you.
Your unstable footing causes you to fumble your attack.
The giant cockroach bites you.
Your unstable footing causes you to fumble your attack.
The giant cockroach barely misses you.
The giant cockroach bites you but does no damage.
The goliath beetle bites you!
You die...

######### ##≈≈≈.≈≈≈##
#≈#######≈# #≈##≈s@.#≈#
#≈#≈###B#B# #≈# #%#.#
#≈#####.#.# ####≈%≈≈≈##.#
#..########≈#
#.#.≈.≈≈≈≈≈##############
#.##########[............
#.....# #...#############


You could see a goliath beetle and a giant cockroach.

Vanquished Creatures
  Eustachio (D:6)
  A necrophage (D:6)
  An ice beast (D:6)
  A sky beast (D:5)
  A phantom (D:5)
  2 ogres
  Sigmund (D:6)
  A water moccasin (D:6)
  A jelly (D:5)
  2 hounds (D:5)
  2 iguanas (D:4)
  3 orc wizards
  A quasit (D:6)
  A scorpion (D:6)
  An iron imp (D:6)
  An orc priest (D:3)
  A worker ant (D:4)
  A sky beast zombie (D:6)
  A hound skeleton (D:5)
  A worker ant zombie (D:6)
  A lemure (D:6)
  5 gnolls
  5 adders
  3 giant mites
  A white imp (D:6)
  5 worms
  A grey rat (D:6)
  A giant eyeball (D:6)
  7 giant geckos
  An ooze (D:3)
  18 orcs
  2 ball pythons
  5 giant cockroaches
  7 hobgoblins
  2 jackals (D:6)
  4 quokkas
  13 bats
  11 giant newts
  A giant spore (D:6)
  8 goblins
  11 kobolds
  A quokka skeleton (D:4)
  14 rats
  A rat zombie (D:4)
  A ballistomycete (D:6)
154 creatures vanquished.

Notes
Turn   | Place    | Note
--------------------------------------------------------------
     0 | D:1      | Malachi, the Vampire Berserker, began the quest for the Orb.
     0 | D:1      | Reached XP level 1. HP: 18/18 MP: 1/1
   226 | D:1      | Reached skill level 3 in Fighting
   234 | D:1      | Reached XP level 2. HP: 20/24 MP: 2/2
   581 | D:1      | Reached XP level 3. HP: 26/30 MP: 3/3
   827 | D:2      | Acquired Trog's second power
  1372 | D:2      | Found an iron altar of Okawaru.
  1781 | D:3      | Reached XP level 4. HP: 36/36 MP: 4/4
  2304 | D:3      | Reached skill level 1 in Stealth
  2336 | D:3      | Reached XP level 5. HP: 40/42 MP: 5/5
  2556 | D:4      | Reached skill level 4 in Axes
  2639 | D:4      | Noticed an ogre
  2648 | D:4      | Killed an ogre
  2648 | D:4      | Reached XP level 6. HP: 20/49 MP: 6/6
  3096 | D:4      | HP: 1/49 [iguana (7)]
  3933 | D:5      | Entered Level 5 of the Dungeon
  4098 | D:5      | Got a heavily runed steam dragon armour
  4112 | D:5      | Identified the +3 steam dragon armour "Vaniexkia" {Str+3 Int+3} (You found it on level 5 of the Dungeon)
  4175 | D:5      | Reached skill level 5 in Axes
  4200 | D:5      | Reached XP level 7. HP: 30/54 MP: 7/7
  4235 | D:5      | Reached skill level 5 in Dodging
  4865 | D:6      | Reached skill level 6 in Axes
  4944 | D:6      | Reached XP level 8. HP: 50/61 MP: 8/8
  5040 | D:6      | Noticed Eustachio
  5050 | D:6      | Killed Eustachio
  5098 | D:6      | Noticed Sigmund
  5110 | D:6      | Killed Sigmund
  5137 | D:6      | Acquired Trog's third power
  5281 | D:6      | Reached skill level 7 in Dodging
  5475 | D:6      | Slain by a goliath beetle

Action                   |  1- 3 |  4- 6 |  7- 9 || total
-------------------------+-------+-------+-------++-------
Melee: Hand axe          |    97 |   262 |   285 ||   644
Invok: Berserk           |     1 |     3 |     6 ||    10
       Trog's Hand       |       |     1 |       ||     1
Evoke: Wand              |       |       |     2 ||     2
  Use: Potion            |     1 |       |     1 ||     2
       Scroll            |       |     3 |     1 ||     4
 Stab: Sleeping          |       |     2 |       ||     2
